 Dungeon Crawl Stone Soup version 0.23.2-40-g277498a001 (webtiles) character file.

Game seed: 3229593517406957896

51 Azaloris the Skirmisher (level 3, 0/29 HPs)
             Began as a Demonspawn Fighter on Oct 5, 2019.
             Succumbed to an adder's poison
             ... on level 2 of the Dungeon.
             The game lasted 00:04:37 (1001 turns).

Azaloris the Skirmisher (Demonspawn Fighter)        Turns: 1001, Time: 00:04:38

Health: 0/29       AC:  7    Str: 17    XL:     3   Next: 58%
Magic:  3/3        EV:  7    Int:  9    God:
Gold:   46         SH:  9    Dex: 12    Spells: 2/2 levels left

rFire    . . .     SeeInvis .   a - +0 long sword
rCold    . . .     Gourm    .   c - +0 shield
rNeg     . . .     Faith    .   b - +0 scale mail
rPois    .         Spirit   .   (helmet restricted)
rElec    .         Reflect  .   (no cloak)
rCorr    .         Harm     .   (no gloves)
MR       .....                  g - +0 pair of boots
Stlth    ..........             (no amulet)
HPRegen  0.09/turn              (no ring)
MPRegen  0.08/turn              (no ring)

@: lethally poisoned (0 -> -7)
A: horns 1, demonic guardian 1
a: no special abilities


You were on level 2 of the Dungeon.
You were not hungry.

You visited 1 branch of the dungeon, and saw 2 of its levels.

You collected 46 gold pieces.

Inventory:

Hand Weapons
 a - a +0 long sword (weapon)
Armour
 b - a +0 scale mail (worn)
 c - a +0 shield (worn)
 g - a +0 pair of boots (worn)
Scrolls
 e - a scroll of remove curse
 h - 2 scrolls of identify
 i - a scroll of amnesia
Potions
 d - 2 potions of might
Comestibles
 f - 5 rations


   Skills:
 + Level 3.4 Fighting
 + Level 2.4 Long Blades
 + Level 3.1 Armour
 + Level 0.1 Stealth
 + Level 3.1 Shields


You had 2 spell levels left.
You didn't know any spells.
Your spell library was empty.

Dungeon Overview and Level Annotations

Branches:
Dungeon (2/15)

Altars:


Innate Abilities, Weirdness & Mutations

You have a pair of small horns on your head.
A weak demonic guardian rushes to your aid.


Message History

It is a scroll of identify.
i - a scroll of amnesia
* * * LOW HITPOINT WARNING * * *
You feel sick. The adder bites you but does no damage.
The rat bites you but does no damage.
As you read the scroll labeled COVOULO KUDEFE, it crumbles to dust.
The creatures around you are filled with an inner flame!
It was a scroll of immolation.
* * * LOW HITPOINT WARNING * * *
You feel sick. You block the adder's attack. The adder closely misses you.
You riposte.
You closely miss the adder. Your headbutt misses the adder.
The adder is severely wounded.
You block the rat's attack.
As you read the scroll labeled ISSOIN QETIRHU, it crumbles to dust.
You hear a loud clanging noise!
It was a scroll of noise.
You block the adder's attack. The rat bites you but does no damage.
* * * LOW HITPOINT WARNING * * *
You feel sick.
You die...

..##.........##.##..
.......####.........
.........#...#.#...
.........#...#.....
...######........###...##.#
..........#+##...+........#
.....###Sr.......+#........
... #................... .
#..@.....†.....>....
#...................
#...................
#...................
#...........###'####
#..........## #.#
#........#.# #.#
#........#.# #)#
##########.# #.#


You could see an adder (inner flame) and a rat (inner flame).

Vanquished Creatures
  An adder (D:2)
  A gnoll (D:1)
  2 dart slugs
  4 bats
  5 goblins
  4 hobgoblins
  3 jackals
  2 kobolds (D:1)
  2 frilled lizards (D:2)
  3 rats
27 creatures vanquished.

Notes
Turn   | Place    | Note
-------+----------+-------------------------------------------
     0 | D:1      | Azaloris the Demonspawn Fighter began the quest for the
                  | Orb.
     0 | D:1      | Reached XP level 1. HP: 18/18 MP: 1/1
   273 | D:1      | Gained mutation: You have a pair of small horns on your
                  | head. [demonic ancestry]
   273 | D:1      | Reached XP level 2. HP: 13/24 MP: 2/2
   750 | D:2      | Gained mutation: A weak demonic guardian rushes to your
                  | aid. [demonic ancestry]
   750 | D:2      | Reached XP level 3. HP: 29/29 MP: 3/3
   998 | D:2      | HP: 1/29 [poisoned by an adder]
  1001 | D:2      | Succumbed to an adder's poison

Skill      XL: |  1  2 |
---------------+-------+-----
Armour         | 3 |  3.1
Shields        | 3 |  3.1
Long Blades    | 2 |  2.4
Fighting       | |  3.4
Stealth        | |  0.1

Action                   || total
-------------------------++-------
Melee: Long sword        ||    76
       Headbutt          ||     9
  Use: Potion            ||     1
       Scroll            ||     4
Armor: Scale mail        ||    38
Dodge: Dodged            ||    29
Block: Shield            ||    43
       Rpst.: Long sword ||    12
